 Dungeon Crawl Stone Soup version 0.23.2 (webtiles) character file.

Game seed: 733552264492593348

21 Menchi the Skirmisher (level 2, -2/25 HPs)
             Began as a Ghoul Wanderer on Apr 4, 2019.
             Slain by a kobold
             ... wielding a +2 dagger of electrocution
              (9 damage)
             ... on level 1 of the Dungeon.
             The game lasted 00:02:00 (727 turns).

Menchi the Skirmisher (Ghoul Wanderer)               Turns: 727, Time: 00:02:00

Health: -2/25      AC:  8    Str: 12    XL:     2   Next: 83%
Magic:  1/1        EV:  8    Int:  7    God:
Gold:   36         SH:  0    Dex: 11    Spells: 1/1 levels left

rFire    . . .     SeeInvis .   d - +0 hand axe
rCold    + . .     Gourm    .   (no shield)
rNeg     + + +     Faith    .   b - +2 scale mail
rPois    ∞         Spirit   .   (no helmet)
rElec    .         Reflect  .   (no cloak)
rCorr    .         Harm     .   (no gloves)
MR       .....                  (no boots)
Stlth    ..........             (no amulet)
HPRegen  0.00/turn              (no ring)
MPRegen  0.07/turn              (no ring)

@: rotting
A: rotting body, claws 1, carnivore, cold resistance 1, negative energy
resistance 3, inhibited regeneration, torment resistance, unbreathing
a: no special abilities


You were on level 1 of the Dungeon.
You were not hungry.

You visited 1 branch of the dungeon, and saw 1 of its levels.

You collected 36 gold pieces.

Inventory:

Hand Weapons
 d - a +0 hand axe (weapon)
Missiles
 c - 11 arrows
Armour
 b - a +2 scale mail (worn)
Scrolls
 e - a scroll of magic mapping {unknown}
 h - a scroll of remove curse {unknown}
 i - a scroll of enchant weapon {unknown}
Potions
 g - 2 potions of curing {unknown}
Comestibles
 a - 4 chunks of flesh
 f - a ration


   Skills:
 * Level 2.9 Fighting
 * Level 1.2 Axes
 * Level 2.3 Armour
   Level 1.7 Shields
   Level 1.0 Summonings
   Level 2.1 Earth Magic


You had one spell level left.
You didn't know any spells.
Your spell library was empty.

Dungeon Overview and Level Annotations

Branches:
Dungeon (1/15)

Altars:


Innate Abilities, Weirdness & Mutations

Your body is rotting away.
You thrive on raw meat.
You are immune to poison.
You have sharp fingernails.
You are carnivorous and can eat meat at any time.
Your flesh is cold resistant. (rC+)
You are immune to negative energy. (rN+++)
You do not regenerate when monsters are visible.
You are immune to unholy pain and torment.
You can survive without breathing.


Message History

The kobold throws a stone.
The stone hits you but does no damage.
You see here a stone.
The rat barely misses you.
You hit the rat.
The rat is severely wounded.
The rat bites you but does no damage.
You hit the rat.
You kill the rat!
You hit the goblin.
You kill the goblin!
The kobold misses you.
You miss the kobold. The kobold hits you but does no damage.
You are electrocuted!
Your scale mail prevents you from hitting the kobold.
The kobold hits you but does no damage.
You are electrocuted!
* * * LOW HITPOINT WARNING * * *
You are too injured to fight recklessly!
You hit the kobold but do no damage. The kobold barely misses you.
The kobold hits you but does no damage.
You are electrocuted!
You die...

######
#.....########..###
#....)'..#.....###.
#.....##.#.###.# #.
#.....##'#.###.# #.
##.....#......#.# #.
#..(...#÷.)...#.###.
#......#......#.....
#..(.###......#..###
#..@.# #......#..#..
#..K)# #......#..###
#....# #......#..###
#....# #.....##....÷
#....# #.....###.###
#$...# #.....#...#
#....# #.....#.###
#....# #######.#
#.#####


You could see a kobold.

Vanquished Creatures
  A leopard gecko (D:1)
  3 goblins (D:1)
  4 hobgoblins (D:1)
  2 ball pythons (D:1)
  2 bats (D:1)
  3 kobolds (D:1)
  5 rats (D:1)
20 creatures vanquished.

Notes
Turn   | Place    | Note
-------+----------+-------------------------------------------
     0 | D:1      | Menchi the Ghoul Wanderer began the quest for the Orb.
     0 | D:1      | Menchi set off with the following items: a +0 shortbow, a
                  | +2 scale mail, 21 arrows, a +0 hand axe, a ration
     0 | D:1      | Reached XP level 1. HP: 17/17 MP: 0/0
   110 | D:1      | Reached XP level 2. HP: 21/25 MP: 1/1
   727 | D:1      | Slain by a kobold

Skill      XL: |  1 |
---------------+----+-----
Armour         | 2 |  2.3
Fighting       | |  2.9
Axes           | |  1.2
Shields        | |  1.7
Summonings     | |  1.0
Earth Magic    | |  2.1

Action                   || total
-------------------------++-------
Melee: Hand axe          ||    63
  Eat: Chunk             ||     4
Armor: Scale mail        ||    46
Dodge: Dodged            ||    26
